Map: Neon Violet Square LE

Players

Zest - Winner!

  • Race: Protoss Protoss
  • Spawn Location: 5:00

Neeb

  • Race: Protoss Protoss
  • Spawn Location: 11:00

Event: IEM Season 12 - Katowice

VOD

Have the link to the VOD?

Description

Time

  • Played on: March 2, 2018, 11:30 a.m.
  • Length: 8:43

All games in this series

Show
View Real Time Build Order
Export as new Build Order

Zest Protoss - Winner!

Build Orders: Zealot Archon 

Get SALT Encoding   

  12  0:00  Probe  
  13  0:12  Probe  
  14  0:17  Pylon  
  14  0:25  Probe (Chrono Boost)  
  16  0:37  Probe (Chrono Boost), Gateway  
  16  0:43  Probe (Chrono Boost)  
  16  0:46  Assimilator  
  17  0:51  Probe  
  17  0:55  Assimilator  
  18  1:03  Probe (Chrono Boost)  
  19  1:09  Gateway  
  19  1:14  Probe (Chrono Boost)  
  20  1:19  Probe (Chrono Boost)  
  20  1:25  Cybernetics Core  
  21  1:30  Probe  
  22  1:35  Pylon  
  22  1:42  Probe  
  23  1:54  Probe  
  23  1:58  Warp Gate (Chrono Boost)  
  23  2:01  Stalker x2  
  28  2:12  Pylon  
  28  2:31  Stalker x2  
  32  2:40  Gateway  
  32  2:48  Shield Battery  
  32  3:01  Stalker x2  
  36  3:26  Nexus  
  34  3:27  Probe  
  34  3:42  Probe (Chrono Boost)  
  35  3:53  Probe (Chrono Boost)  
  36  3:58  Probe (Chrono Boost)  
  37  4:07  Nexus  
  37  4:09  Probe  
  38  4:14  Pylon  
  38  4:21  Probe  
  39  4:33  Probe (Chrono Boost), Sentry x3  
  47  4:39  Probe (Chrono Boost)  
  47  4:43  Forge  
  47  4:44  Probe (Chrono Boost)  
  48  4:47  Probe (Chrono Boost)  
  48  4:50  Probe (Chrono Boost)  
  48  4:52  Probe (Chrono Boost)  
  50  4:59  Probe  
  52  5:04  Probe  
  53  5:09  Forge  
  53  5:11  Probe (Chrono Boost), Robotics Facility  
  54  5:15  Protoss Ground Weapons Level 1  
  54  5:17  Probe (Chrono Boost)  
  56  5:23  Probe (Chrono Boost)  
  56  5:24  Probe (Chrono Boost)  
  58  5:28  Probe (Chrono Boost)  
  58  5:31  Probe (Chrono Boost)  
  58  5:33  Probe (Chrono Boost)  
  58  5:34  Probe (Chrono Boost), Protoss Ground Armor Level 1  
  61  5:38  Probe  
  62  5:43  Probe  
  62  5:44  Probe  
  62  5:47  Assimilator  
  64  5:50  Probe, Assimilator  
  64  5:55  Probe  
  64  5:56  Probe  
  64  5:57  Gateway  
  67  6:00  Observer (Chrono Boost), Gateway  
  67  6:01  Gateway  
  67  6:04  Gateway  
  68  6:05  Probe  
  68  6:10  Twilight Council  
  69  6:12  Probe x2  
  71  6:19  Assimilator  
  71  6:20  Probe  
  71  6:23  Assimilator  
  71  6:24  Immortal  
  76  6:34  Pylon x2  
  74  6:48  Probe x3  
  74  6:51  Pylon  
  74  6:52  Pylon  
  74  6:53  Charge (Chrono Boost)  
  77  6:56  Templar Archives  
  77  6:59  Gateway  
  77  7:00  Pylon  
  77  7:03  Warp Prism (Chrono Boost)  
  79  7:17  Gateway  
  79  7:18  Gateway  
  79  7:23  Zealot x3  
  79  7:24  Zealot x3  
  79  7:28  Zealot  
  93  7:35  Pylon  
  93  7:38  Probe  
  94  7:44  Pylon  
  94  7:49  High Templar  
  94  7:50  High Templar x6  
  108  7:52  High Templar  
  108  7:54  Pylon, Archon x2  
  108  7:55  Archon  
  108  7:56  Archon, Warp Prism (Chrono Boost)  
  110  8:04  Nexus  
  112  8:22  Zealot x4  
  112  8:23  Zealot x2  
  124  8:27  Zealot  
  124  8:29  Zealot  
Show
View Real Time Build Order
Export as new Build Order

Neeb Protoss 

Build Orders: Phoenix Opening, Archon Immortal 

Get SALT Encoding   

  12  0:00  Probe  
  13  0:12  Probe  
  14  0:17  Pylon  
  14  0:24  Probe (Chrono Boost)  
  15  0:37  Probe (Chrono Boost)  
  15  0:39  Gateway  
  16  0:44  Assimilator  
  16  0:46  Probe (Chrono Boost)  
  17  0:54  Probe  
  17  0:56  Assimilator  
  18  1:05  Gateway  
  18  1:09  Probe (Chrono Boost)  
  20  1:19  Probe (Chrono Boost)  
  20  1:24  Probe (Chrono Boost)  
  20  1:26  Cybernetics Core  
  21  1:35  Probe  
  21  1:37  Pylon  
  22  1:47  Probe  
  23  1:59  Probe  
  24  2:02  Warp Gate (Chrono Boost)  
  24  2:04  Sentry, Stalker  
  28  2:11  Probe  
  29  2:16  Pylon  
  29  2:35  Stalker x2  
  32  2:54  Nexus  
  32  2:58  Probe  
  35  3:05  Sentry  
  35  3:06  Sentry  
  35  3:10  Phoenix, Shield Battery  
  37  3:13  Probe  
  38  3:25  Probe  
  39  3:38  Probe  
  38  3:43  Pylon  
  38  3:47  Robotics Facility  
  38  3:50  Probe  
  39  4:02  Stalker x2  
  43  4:06  Shield Battery  
  43  4:12  Shield Battery  
  43  4:19  Probe x2  
  45  4:27  Stalker x2  
  49  4:31  Probe  
  49  4:33  Probe  
  52  4:40  Immortal (Chrono Boost)  
  52  4:44  Probe  
  56  4:47  Probe  
  57  4:54  Pylon  
  57  4:56  Probe  
  58  5:00  Forge  
  58  5:03  Probe  
  59  5:09  Assimilator  
  59  5:11  Probe  
  59  5:14  Assimilator  
  60  5:15  Probe  
  62  5:23  Probe  
  62  5:24  Warp Prism (Chrono Boost)  
  62  5:27  Probe  
  65  5:35  Protoss Ground Weapons Level 1 (Chrono Boost)  
  65  5:36  Probe  
  66  5:45  Nexus  
  66  5:47  Probe  
  67  5:51  Probe  
  67  5:54  Observer (Chrono Boost)  
  69  5:59  Probe, Pylon  
  70  6:07  Pylon  
  70  6:17  Probe x2, Immortal (Chrono Boost)  
  76  6:20  Pylon  
  76  6:21  Pylon  
  76  6:29  Probe x2  
  78  6:41  Probe x2  
  80  6:47  Immortal (Chrono Boost)  
  80  6:48  Twilight Council  
  80  6:53  Probe x2  
  80  6:54  Pylon  
  86  6:56  Probe, Assimilator  
  86  7:00  Assimilator  
  87  7:05  Probe  
  87  7:06  Gateway  
  78  7:08  Gateway  
  78  7:10  Probe x2  
  80  7:16  Immortal (Chrono Boost)  
  80  7:17  Probe  
  80  7:22  Probe  
  86  7:24  Templar Archives  
  87  7:31  Probe  
  87  7:36  Gateway  
  87  7:37  Gateway  
  87  7:38  Probe  
  87  7:39  Probe  
  89  7:45  Zealot x2  
  93  7:51  Gateway  
  93  7:56  Gateway  
  93  8:01  Shield Battery  
  93  8:02  Shield Battery  
  93  8:08  High Templar x4  
  93  8:09  Immortal (Chrono Boost)  
  93  8:12  Archon x2  
  105  8:22  Probe x2  
  105  8:23  Probe  

Tags
 
Add a new tag
Caveats
  • Supply blocks, unpowered buildings, or Contaminate may cause inaccurate times.
  • Supply counts are checked every 10 seconds.